 Dungeon Crawl Stone Soup version 0.29.1-15-g9cfb28693d (webtiles) character file.

Game seed: 2643026079503309094

86 javelincjr the Trooper (level 4, -6/35 HPs)
             Began as a Demonspawn Abyssal Knight on Mar 24, 2023.
             Was a Believer of Lugonu.
             Mangled by a gnoll
             ... wielding a +0 spear
              (8 damage)
             ... on level 2 of the Dungeon.
             The game lasted 00:05:09 (2210 turns).

javelincjr the Trooper (Demonspawn Abyssal Knight)  Turns: 2210, Time: 00:05:09

Health: -6/35      AC:  5    Str: 13    XL:     4   Next: 27%
Magic:  6/6        EV: 11    Int: 13    God:    Lugonu [**....]
Gold:   59         SH:  5    Dex: 14    Spells: 3/3 levels left

rFire   + . .      SeeInvis .   a - +1 hand axe
rCold   + . .      Faith    .   (no shield)
rNeg    . . .      Spirit   .   b - +0 leather armour
rPois   +          Reflect  +   i - +2 hat
rElec   +          Harm     .   (no cloak)
rCorr   +          Rampage  .   (no gloves)
Will    .....                   (no boots)
Stlth   +.........              c - amulet of reflection
HPRegen 0.11/turn               (no ring)
MPRegen 0.10/turn               (no ring)

@: resistant
A: hooves 1
a: Renounce Religion, Depart the Abyss, Bend Space


You were on level 2 of the Dungeon.
You worshipped Lugonu.
Lugonu was pleased with you.
You visited 1 branch of the dungeon, and saw 2 of its levels.
You visited the Abyss 1 time.

You collected 59 gold pieces.

Inventory:

Hand Weapons
 a - a +1 hand axe (weapon)
Armour
 b - a +0 leather armour (worn)
 i - a +2 hat (worn)
Magical Staves
 l - a staff of fire
Jewellery
 c - an amulet of reflection (around neck)
 f - an amulet of magic regeneration
Scrolls
 d - 2 scrolls of brand weapon {unknown}
 g - a scroll of noise {unknown}
 j - a scroll of identify {unknown}
 k - a scroll of poison {unknown}
Potions
 h - 2 potions of lignification {unknown}


   Skills:
 + Level 3.4 Fighting
 + Level 2.4 Axes
 + Level 2.4 Armour
 + Level 1.8 Dodging
 + Level 3.3 Invocations


You had 3 spell levels left.
You didn't know any spells.
Your spell library contained the following spells:

 Spells                   Type           Power      Damage    Failure   Level
 Call Canine Familiar     Summ           0%         N/A       75%         3
 Portal Projectile        Hex/Tloc       0%         N/A       75%         3
 Leda's Liquefaction      Hex/Erth       0%         N/A       98%         4


Dungeon Overview and Level Annotations

Branches:
Dungeon (2/15)

Altars:


Innate Abilities, Weirdness & Mutations

You have large cloven feet.


Message History

The gnoll hits you with a +0 whip.
A gnoll comes into view. It is wielding a +0 spear.
You closely miss the gnoll.
The gnoll shouts! x2
You kick the gnoll.
You kill the gnoll!
Lugonu accepts your kill.
You see here a +1 helmet.
You closely miss the gnoll. Your kick misses the gnoll.
The gnoll barely misses you.
You slash the gnoll! Your kick misses the gnoll.
The gnoll is severely wounded.
The gnoll misses you. You block the gnoll's attack.
The gnoll closely misses you.
You hit the gnoll. You kick the gnoll, but do no damage.
The gnoll is almost dead.
The gnoll hits you from afar with a +0 spear.
The gnoll completely misses you. The gnoll closely misses you. x2
The gnoll hits you from afar with a +0 spear.
You block the gnoll's attack.
You are too injured to fight recklessly!
The gnoll hits you with a +0 flail. The gnoll completely misses you.
You are too injured to fight recklessly!
You are too injured to fight recklessly!
You are too injured to fight recklessly!
You closely miss the gnoll. x2; You hit the gnoll.
The gnoll hits you with a +0 spear.
* * * LOW HITPOINT WARNING * * *
The gnoll barely misses you. The gnoll hits you with a +0 spear.
* * * LOW HITPOINT WARNING * * *
You hit the gnoll. You kick the gnoll, but do no damage.
The gnoll is moderately wounded.
You barely miss the gnoll. You hit the gnoll but do no damage.
The gnoll misses you. The gnoll hits you with a +0 spear.
* * * LOW HITPOINT WARNING * * *
The gnoll closely misses you.
It was a potion of resistance.
You feel protected. The gnoll misses you. The gnoll hits you with a +0 spear!
You die...

#
#..##............##.....##
# #..#.#..........#.#..#..#
###...#.##......##.#...#.##
.......##.#....#.##....#.#
..#....#.#.#..#.#.#....# #
.##.....#.##.†##.#.....#
..#......##....##......#
#................g.....#
#..............g@.[....#
..#......##...)##g.....#
..#.....#.##..##.#)....#
.......#.#.#..#.#.#....#
.......##.#....# # ....#
.##...#.##..... #...# .
..#.#...?.. #..# ..... ..#


You could see 3 gnolls.

Vanquished Creatures
  A gnoll (D:2)
  3 adders (D:2)
  A worm (D:2)
  2 dart slugs (D:1)
  3 ball pythons
  2 endoplasms (D:1)
  A giant cockroach (D:1)
  6 goblins
  4 hobgoblins
  3 jackals (D:1)
  3 quokkas (D:1)
  A frilled lizard (D:1)
  5 kobolds (D:1)
  4 rats
39 creatures vanquished.

Notes
Turn   | Place    | Note
-------+----------+-------------------------------------------
     0 | Abyss:1  | javelincjr the Demonspawn Abyssal Knight began the quest
                  | for the Orb.
     0 | Abyss:1  | Reached XP level 1. HP: 18/18 MP: 2/2
    89 | Abyss:1  | Found a corrupted altar of Lugonu.
   139 | Abyss:1  | Noticed a red devil
   161 | Abyss:1  | Noticed a tentacled starspawn
   163 | Abyss:2  | Found a corrupted altar of Lugonu.
   201 | Abyss:2  | Noticed a raiju
   201 | Abyss:2  | Noticed a thrashing horror
   201 | Abyss:2  | Noticed a quasit
   202 | Abyss:2  | Noticed a thrashing horror
   203 | D:1      | Escaped the Abyss
   284 | D:1      | Reached skill level 1 in Dodging
   356 | D:1      | Reached ** piety under Lugonu
   357 | D:1      | Gained mutation: You have large cloven feet. [demonic
                  | ancestry]
   357 | D:1      | Reached XP level 2. HP: 19/24 MP: 4/4
   791 | D:1      | Reached XP level 3. HP: 29/29 MP: 5/5
  1847 | D:2      | Reached XP level 4. HP: 8/35 MP: 6/6
  2210 | D:2      | Mangled by a gnoll

Illustrated notes

Levels and vault maps discovered:
D:1:      co_arrival_random_square_maze, layout_loops_ring,
          corexii_hall_statues_i, kennysheep_boxes
D:2:      layout_rooms, minmay_misc_feat_secret_circle, kennysheep_doodads

Skill      XL: |  1  2 |
---------------+-------+-----
Dodging        | 1 |  1.8
Armour         | 2 |  2.4
Axes           | 2 |  2.4
Invocations    | 3 |  3.3
Fighting       | |  3.4

Action                   |  1- 3 |  4- 6 || total
-------------------------+-------+-------++-------
Melee: Hand axe          |   103 |    13 ||   116
       Kick              |    18 |     5 ||    23
Invok: Depart the Abyss  |     1 |       ||     1
  Use: Potion            |       |     1 ||     1
Armor: Leather armour    |    23 |       ||    23
Dodge: Dodged            |    54 |    13 ||    67
Block: Other             |    19 |     3 ||    22
